 Dungeon Crawl Stone Soup version 0.22.1-6-g1668fe2c40 (webtiles) character file.

15801 siyia the Grappler (level 12, -1/106 HPs)
             Began as a Ghoul Gladiator on Jan 29, 2019.
             Was a High Priest of Makhleb.
             Slain by a troll (9 damage)
             ... on level 12 of the Dungeon on Jan 31, 2019.
             The game lasted 03:04:34 (10604 turns).

siyia the Grappler (Ghoul Gladiator)               Turns: 10604, Time: 03:04:38

Health: -1/106     AC: 18    Str: 25    XL:     12   Next: 30%
Magic:  16/16      EV:  9    Int:  5    God:    Makhleb [*****.]
Gold:   649        SH:  0    Dex: 10    Spells: 11/11 levels left

rFire    . . .     SeeInvis .     - Unarmed
rCold    + . .     Gourm    .   (no shield)
rNeg     + + +     Faith    .   z - +0 plate armour
rPois    ∞         Spirit   .   b - +1 helmet
rElec    .         Reflect  .   F - +0 cloak
rCorr    +         Harm     .   B - +0 pair of gloves
MR       .....                  (no boots)
Stlth    ..........             (no amulet)
HPRegen  0.00/turn              i - ring of resist corrosion
MPRegen  0.15/turn              R - +4 ring of strength

@: very slightly contaminated, rotting, slowed, very slow
A: rotting body, claws 1, carnivore, cold resistance 1, negative energy
resistance 3, inhibited regeneration, torment resistance, unbreathing
a: Minor Destruction, Lesser Servant of Makhleb, Major Destruction, Greater
Servant of Makhleb, Renounce Religion


You were on level 12 of the Dungeon.
You worshipped Makhleb.
Makhleb was extremely pleased with you.
You were not hungry.

You visited 1 branch of the dungeon, and saw 12 of its levels.
You also visited: Sewer.

You collected 649 gold pieces.

Inventory:

Missiles
 c - 2 throwing nets (quivered)
 e - 156 arrows
 v - 29 poisoned needles
Armour
 b - a +1 helmet (worn)
 h - a +0 large shield
 z - a +0 plate armour (worn)
 A - a +0 chain mail
 B - a +0 pair of gloves (worn)
 F - a +0 cloak (worn)
Jewellery
 i - a ring of resist corrosion (left hand)
 x - an uncursed ring of ice
 y - an uncursed amulet of magic regeneration
 R - a +4 ring of strength (right hand)
Wands
 g - a wand of enslavement (26)
 C - a wand of paralysis (12)
 D - a wand of digging (10)
 N - a wand of iceblast (4)
 O - a wand of flame (23)
Scrolls
 a - 5 scrolls of amnesia
 k - a scroll of silence {unknown}
 m - 2 scrolls of enchant weapon
 n - a scroll of magic mapping
 o - 2 scrolls of remove curse
 r - 5 scrolls of teleportation
 t - 2 scrolls of enchant armour
 I - a scroll of vulnerability
Potions
 f - a potion of degeneration {unknown}
 l - 3 potions of curing
 p - 10 potions of flight
 G - a potion of resistance {unknown}
 J - a potion of mutation {unknown}
 L - a potion of agility {unknown}
Miscellaneous
 P - a fan of gales
Comestibles
 d - 23 rations


   Skills:
 - Level 10.0 Fighting
 - Level 1.7 Throwing
 - Level 8.0 Armour
 + Level 6.3 Dodging
 + Level 13.7 Unarmed Combat
 + Level 6.7 Invocations


You had 11 spell levels left.
You didn't know any spells.
Your spell library contained the following spells:

 Spells                   Type           Power        Failure   Level  Hunger
 Corona                   Hex            #......      99%         1    ##.....
 Ensorcelled Hibernation  Hex/Ice        #.....       100%        2    ###....
 Poisonous Vapours        Pois/Air       #.....       100%        2    ###....
 Confuse                  Hex            #.......     100%        3    ####...
 Conjure Flame            Conj/Fire      #.......     100%        3    ####...
 Dazzling Spray           Conj/Hex       #.....       100%        3    ####...
 Mephitic Cloud           Conj/Pois/Air  #.......     100%        3    ####...
 Tukima's Dance           Hex            #.......     100%        3    ####...
 Freezing Cloud           Conj/Ice/Air   #.........   100%        6    #######
 Ring of Flames           Chrm/Fire      #.........   100%        7    #######


Dungeon Overview and Level Annotations

Branches:
Dungeon (12/15)            Temple (0/1) D:4            Lair (0/6) D:8
    Orc: D:9-12

Altars:
Elyvilon
Makhleb
Trog
The Shining One

Annotations:
D:5 1 runed door


Innate Abilities, Weirdness & Mutations

Your body is rotting away.
You thrive on raw meat.
You are immune to poison.
You have sharp fingernails.
You are carnivorous and can eat meat at any time.
Your flesh is cold resistant. (rC+)
You are immune to negative energy. (rN+++)
You do not regenerate when monsters are visible.
You are immune to unholy pain and torment.
You can survive without breathing.


Message History

The orc wizard shouts!
You punch the orc!
You kill the orc!
Makhleb accepts your kill.
You feel better.
You pummel the orc!!
You kill the orc!
Makhleb accepts your kill.
You feel better.
The orc wizard casts a spell.
The orc wizard blinks!
Items here: )) †† a whip; a club; an orc corpse x2
Butcher an orc corpse? [(y)es/(n)o/(a)ll/(q)uit/?]
Butcher an orc corpse? [(y)es/(n)o/(a)ll/(q)uit/?]
You butcher the orc corpse.
The troll bites you.
You stop butchering the corpse.
* * * LOW HITPOINT WARNING * * *
The troll claws you!
You die...

..... ###............#
. ..
.o....#...........#.# .
..
..................#...
..
.......................
..
......#####............
.. #.... #.......#....
.. #...§ #.......# ...
.. #...T#####..... ..
#....@......... ..
#.............. ..
.$............... ..
...............(. ##
#################


You could see a troll and an orc wizard.

Vanquished Creatures
  Harold (D:8)
  A hydra (D:11)
  A centaur warrior (D:12)
  An orc knight (D:12)
  3 manticores
  An ugly thing (D:11)
  3 deep elf magi (D:12)
  The ghost of Tali the Chopper, a novice DsBe of Trog (D:5)
  A gargoyle (D:12)
  A kobold demonologist (D:12)
  A troll (D:12)
  2 hornets
  2 hippogriffs
  Prince Ribbit (D:9)
  3 yaks
  A shadow (D:12)
  A human (D:8)
  3 hungry ghosts
  A steam dragon (D:9)
  4 hogs (D:8)
  An acid dragon (D:12)
  2 porcupines
  3 water moccasins
  A sky beast (D:10)
  Purgy (Sewer)
  An orc warrior (D:12)
  A black bear (D:7)
  6 phantoms
  3 ice beasts (D:9)
  6 ogres
  An eye of draining (D:12)
  5 centaurs
  A necrophage (D:9)
  2 big kobolds (D:9)
  A crocodile (D:10)
  12 bullfrogs
  2 scorpions
  7 wights
  A killer bee (D:9)
  8 crimson imps
  5 jellies
  2 quasits
  2 bullfrog zombies
  A centaur zombie (D:8)
  3 hounds
  3 bullfrog skeletons
  3 orc priests
  A gnoll shaman (D:5)
  2 centaur skeletons
  Ijyb (D:5)
  2 iguanas
  14 orc wizards
  7 worker ants
  2 hound zombies (D:5)
  Robin (D:3)
  14 adders
  3 gnolls
  2 shadow imps
  An ooze (D:5)
  4 worms
  5 leopard geckos
  46 orcs
  6 ball pythons
  7 bats
  5 giant cockroaches
  13 goblins
  7 hobgoblins
  14 jackals
  4 quokkas
  7 frilled lizards
  A jackal skeleton (D:9)
  3 kobolds
  A leopard gecko skeleton (D:4)
  8 rats
  A fungus (D:8)
299 creatures vanquished.

Vanquished Creatures (collateral kills)
  A two-headed ogre (D:9)
  A centaur zombie (D:12)
  Psyche (D:9)
  A boggart (D:12)
  An ogre (D:11)
  A bullfrog (D:12)
  2 orc priests
  An orc wizard (D:11)
  An iguana (D:9)
  3 orcs
13 creatures vanquished.

Vanquished Creatures (others)
  14 fungi (D:8)
  3 plants (D:8)
17 creatures vanquished.

Grand Total: 329 creatures vanquished

Notes
Turn   | Place    | Note
-------+----------+-------------------------------------------
     0 | D:1      | siyia the Ghoul Gladiator began the quest for the Orb.
     0 | D:1      | Reached XP level 1. HP: 17/17 MP: 0/0
    66 | D:1      | Reached XP level 2. HP: 13/25 MP: 1/1
   443 | D:1      | Reached XP level 3. HP: 29/29 MP: 2/2
  1516 | D:3      | Reached skill level 4 in Unarmed Combat
  1580 | D:3      | Noticed Robin
  1626 | D:3      | Killed Robin
  1626 | D:3      | Reached XP level 4. HP: 18/38 MP: 3/3
  1710 | D:3      | Found a glowing drain.
  1754 | Sewer    | Entered a sewer
  1932 | Sewer    | Noticed Purgy
  1944 | Sewer    | Killed Purgy
  1944 | Sewer    | Reached XP level 5. HP: 25/46 MP: 4/4
  2301 | D:3      | Found a white marble altar of Elyvilon.
  2302 | D:3      | Found a burning altar of Makhleb.
  2334 | D:3      | Became a worshipper of Makhleb the Destroyer
  2587 | D:3      | Found a bloodstained altar of Trog.
  2814 | D:4      | Reached skill level 5 in Unarmed Combat
  2814 | D:4      | Reached XP level 6. HP: 49/52 MP: 5/5
  3059 | D:4      | Found a staircase to the Ecumenical Temple.
  3247 | D:5      | Entered Level 5 of the Dungeon
  3392 | D:5      | Reached skill level 5 in Fighting
  3437 | D:5      | Reached XP level 7. HP: 61/61 MP: 6/6
  3447 | D:5      | Found a runed door.
  3448 | D:5      | Noticed Tali's ghost (novice DsBe)
  3481 | D:5      | Killed Tali's ghost
  3481 | D:5      | Reached skill level 6 in Unarmed Combat
  3488 | D:5      | Found a runed door.
  3541 | D:5      | Reached * piety under Makhleb
  3606 | D:5      | Noticed Ijyb
  3627 | D:5      | Killed Ijyb
  3627 | D:5      | Reached XP level 8. HP: 70/70 MP: 7/7
  3686 | D:5      | Reached skill level 5 in Dodging
  3988 | D:6      | Reached skill level 7 in Unarmed Combat
  4040 | D:5      | Reached skill level 1 in Armour
  4313 | D:6      | Noticed a hornet
  4757 | D:7      | Reached ** piety under Makhleb
  4835 | D:7      | Reached XP level 9. HP: 41/79 MP: 8/8
  4857 | D:7      | Reached skill level 8 in Unarmed Combat
  5320 | D:7      | Killed a hornet
  5900 | D:8      | Reached skill level 9 in Unarmed Combat
  5956 | D:8      | Found a glowing golden altar of the Shining One.
  5968 | D:8      | Reached skill level 5 in Armour
  6340 | D:8      | Noticed Harold
  6362 | D:8      | Killed Harold
  6362 | D:8      | Reached XP level 10. HP: 85/89 MP: 9/9
  6413 | D:7      | Reached skill level 10 in Unarmed Combat
  6509 | D:8      | Found a staircase to the Lair.
  6806 | D:9      | Noticed Prince Ribbit
  6814 | D:9      | Killed Prince Ribbit
  6814 | D:9      | Reached skill level 10 in Fighting
  7008 | D:9      | Reached *** piety under Makhleb
  7094 | D:9      | Reached skill level 1 in Invocations
  7209 | D:9      | Noticed a two-headed ogre
  7221 | D:9      | Killed a two-headed ogre
  7285 | D:9      | Noticed Psyche
  7295 | D:9      | Killed Psyche
  7428 | D:9      | Reached XP level 11. HP: 99/99 MP: 12/12
  7520 | D:9      | Reached skill level 11 in Unarmed Combat
  8047 | D:10     | Entered Level 10 of the Dungeon
  8160 | D:10     | Reached **** piety under Makhleb
  8410 | D:10     | Reached skill level 5 in Invocations
  8794 | D:11     | Noticed a manticore
  8801 | D:11     | Killed a manticore
  9010 | D:11     | Noticed a white ugly thing
  9021 | D:11     | Killed a white ugly thing
  9188 | D:11     | Reached skill level 12 in Unarmed Combat
  9215 | D:11     | Reached ***** piety under Makhleb
  9728 | D:12     | Noticed an orc knight
  9740 | D:12     | Killed an orc knight
  9776 | D:12     | Noticed a centaur warrior
  9779 | D:12     | Noticed a five-headed hydra
 10152 | D:12     | Noticed a deep elf mage
 10192 | D:11     | Killed a five-headed hydra
 10192 | D:11     | Reached skill level 13 in Unarmed Combat
 10219 | D:12     | Killed a deep elf mage
 10278 | D:12     | Noticed a sun demon
 10326 | D:12     | Reached XP level 12. HP: 106/106 MP: 15/15
 10356 | D:12     | Noticed a centaur warrior
 10373 | D:12     | Killed a centaur warrior
 10604 | D:12     | Slain by a troll

Skill      XL: |  1  2  3  4  5  6  7  8  9 10 11 12 |
---------------+-------------------------------------+-----
Dodging        | 3 4 5 6 |  6.3
Fighting       | 3 4 5 6 7 9 10 | 10.0
Unarmed Combat | 4 5 6 7 9 10 13 | 13.7
Armour         | 3 5 7 8 |  8.0
Invocations    | 3 5 6 |  6.7
Throwing       | |  1.7

Action                   |  1- 3 |  4- 6 |  7- 9 | 10-12 || total
-------------------------+-------+-------+-------+-------++-------
Melee: Unarmed           |   131 |   173 |   344 |   638 ||  1286
       Punch             |       |     3 |     9 |    18 ||    30
Throw: Throwing net      |     1 |     2 |       |       ||     3
Invok: Lesser Servant of |       |       |       |     6 ||     6
       Minor Destruction |       |       |       |     4 ||     4
       Major Destruction |       |       |       |     2 ||     2
Evoke: Wand              |       |       |       |     7 ||     7
  Use: Scroll            |     6 |       |     5 |    12 ||    23
       Potion            |       |     4 |     3 |     2 ||     9
 Stab: Invisible         |       |       |     3 |     2 ||     5
  Eat: Chunk             |    11 |    18 |    40 |    85 ||   154
       Ration            |       |       |       |     3 ||     3
Armor: Leather armour    |    12 |       |       |       ||    12
       Ring mail         |     2 |       |       |       ||     2
       Scale mail        |    27 |    72 |       |       ||    99
       Chain mail        |       |    14 |   139 |       ||   153
       Plate armour      |       |       |     4 |   443 ||   447
Dodge: Dodged            |    61 |    89 |   125 |   266 ||   541
